 Dungeon Crawl Stone Soup version 0.20.1-1-g8b1a95d (webtiles) character file.

15117 Jukra the Protected (level 11, -7/112 HPs)
             Began as a Minotaur Berserker on Sept 4, 2017.
             Was the Champion of Trog.
             Mangled by an 11-headed hydra (9 damage)
             ... on level 11 of the Dungeon.
             The game lasted 01:00:26 (11478 turns).

Jukra the Protected (Minotaur Berserker)           Turns: 11478, Time: 01:00:26

Health: -7/112     AC: 19    Str: 30    XL:     11   Next: 97%
Magic:  1/1        EV: 10    Int:  5    God:    Trog [******]
Gold:   454        SH:  0    Dex: 10    Spells: 10/10 levels left

rFire    . . .     SeeInvis .   L - +1 war axe of Vaigupp {freeze, rPois rC- Int+3}
rCold    x . .     Gourm    .   (no shield)
rNeg     . . .     Faith    .   K - +1 plate armour {MR+}
rPois    +         Spirit   .   (helmet restricted)
rElec    .         Reflect  .   (no cloak)
rCorr    .         Harm     .   (no gloves)
MR       +....     Clarity  +   H - +1 pair of boots
Stlth    ..........             (no amulet)
Regen    0.3/turn               d - ring of flight
MPRegen  0.1/turn               s - ring "Asusoll" {+Inv rPois MP-9 Str+5 Stlth+}

@: berserk cooldown, slowed, very slow
A: retaliatory headbutt, claws 1, horns 2, clarity, dopey 1, robust 1
a: Berserk, Trog's Hand, Brothers in Arms, Burn Spellbooks, Renounce Religion,
Evoke Invisibility, Evoke Flight


You were on level 11 of the Dungeon.
You worshipped Trog.
Trog was exalted by your worship.
You were very hungry.

You visited 2 branches of the dungeon, and saw 12 of its levels.
You also visited: Bailey.

You collected 974 gold pieces.
You spent 520 gold pieces at shops.

Inventory:

Hand Weapons
 b - a +2 flail of protection
 q - a +0 mace of protection
 z - a +1 great mace of crushing
 A - a +3 eveningstar of pain
 B - a +0 halberd of chopping
 L - the +1 war axe of Vaigupp (weapon) {freeze, rPois rC- Int+3}
   (Trog gifted it to you on level 10 of the Dungeon)

   It has been specially enchanted to freeze those struck by it, causing extra
   injury to most foes and up to half again as much damage against particularly
   susceptible opponents.
   It can also slow down cold-blooded creatures.
   It affects your intelligence (+3).
   It makes you vulnerable to cold.
   It protects you from poison.
Armour
 H - a +1 pair of boots (worn)
 K - a +1 plate armour of magic resistance (worn)
 N - a +0 plate armour
 O - a +0 plate armour
Jewellery
 d - a ring of flight (left claw)
 s - the ring "Asusoll" (right claw) {+Inv rPois MP-9 Str+5 Stlth+}
   (You found it on level 4 of the Dungeon)

   [ring of stealth]

   It affects your strength (+5).
   It protects you from poison.
   It affects your magic capacity (-9).
   It lets you turn invisible.
   It makes you more stealthy.
Wands
 e - a wand of lightning (7/15)
 m - a wand of random effects (17/48)
 o - a wand of acid (4/15)
 v - a wand of polymorph (7/24)
 x - a wand of flame (22/48)
 C - a wand of paralysis (20/24)
 D - a wand of flame (29/48)
 I - a wand of lightning (6/15)
Scrolls
 a - a scroll of fog
 g - 6 scrolls of teleportation
 k - 2 scrolls of blinking
 l - 8 scrolls of remove curse
 n - 2 scrolls of identify
 p - 3 scrolls of magic mapping
 r - 3 scrolls of fear
Potions
 f - 2 potions of haste
 i - 2 potions of brilliance
 j - a potion of flight
 t - 8 potions of curing
 w - a potion of cancellation
 M - a potion of agility
Miscellaneous
 y - a sack of spiders
Comestibles
 c - 7 bread rations
 h - 16 royal jellies
 u - 4 meat rations
 J - 14 fruits


   Skills:
 * Level 11.4 Fighting
 * Level 11.3(13.3) Axes
 - Level 11.8(13.5) Maces & Flails
 * Level 12.1 Armour
 + Level 4.2 Dodging
 - Level 0.1 Stealth


You had 10 spell levels left.
You didn't know any spells.

Dungeon Overview and Level Annotations

Branches:
Dungeon (11/15)            Temple (1/1) D:6            Lair (0/6) D:11
    Orc (0/2) D:9

Altars:
Ashenzari
Cheibriados
Dithmenos
Elyvilon
Fedhas
Gozag
Hepliaklqana
Kikubaaqudgha
Makhleb
Nemelex Xobeh
Okawaru
Qazlal
Ru
Sif Muna
Trog
Uskayaw
Vehumet
Xom
Yredelemnul
Zin
The Shining One

Shops:
D:6 =   D:9 ([!?[   D:10 =

Annotations:
D:11 exclusion: 2 oklob plants


Innate Abilities, Weirdness & Mutations

You reflexively headbutt those who attack you in melee.
You have a pair of horns on your head.
You have sharp fingernails.
You possess an exceptional clarity of mind.
You are dopey. (Int -2)
You are robust. (+10% HP)


Message History

The nine-headed hydra grows two more!
You hit the 11-headed hydra. You freeze the 11-headed hydra.
You headbutt the 11-headed hydra!
The 11-headed hydra is severely wounded.
The 11-headed hydra bites you but does no damage. x2
The 11-headed hydra closely misses you.
The 11-headed hydra bites you but does no damage. x2
The 11-headed hydra bites you.
* * * LOW HITPOINT WARNING * * *
The 11-headed hydra bites you.
* * * LOW HITPOINT WARNING * * *
The 11-headed hydra misses you. The 11-headed hydra closely misses you.
The 11-headed hydra bites you.
* * * LOW HITPOINT WARNING * * *
The 11-headed hydra bites you.
* * * LOW HITPOINT WARNING * * *
You hit the 11-headed hydra. You freeze the 11-headed hydra.
You headbutt the 11-headed hydra.
The 11-headed hydra is almost dead.
The 11-headed hydra bites you!
You die...

#D###.# #.# #.#
##.#.# #.# #.#
##.###.# #.#
##.#.#.# #.#
#D###.###.# #.
##.#.#.#.# #.#
##.###.# #.#
##D#.#.#.#.# #
#@###.###.# .
##.#.#.#.#.#
##.###.# #.#
##.#.#)#.#.#.#
#.###)###.# #.#
##.#.#.#.#.#.#.
##.###.# #.#
##.#.#.#.#.#.
#.###.# #.#.


You could see a 11-headed hydra.

Vanquished Creatures
  A two-headed ogre (D:10)
  2 unseen horrors (D:11)
  2 manticores (D:11)
  3 centaur zombies
  A gargoyle (D:11)
  3 trolls
  A queen bee (D:9)
  A meliai zombie (D:10)
  The ghost of letownia the Insei, an amateur OpTm of Gozag (D:5)
  A hippogriff (D:11)
  A vampire (D:10)
  2 wraiths
  A basilisk (D:11)
  9 yaks (D:9)
  Grum (D:8)
  2 hungry ghosts
  Edmund (D:4)
  7 orc warriors
  4 sky beasts
  4 ice beasts
  5 ogres
  A phantom (D:6)
  A necrophage (D:10)
  A centaur (D:6)
  4 wolves (D:8)
  A big kobold (D:10)
  6 bullfrogs
  A wyvern skeleton (D:11)
  7 scorpions
  28 killer bees
  9 wights
  8 howler monkeys
  5 electric eels (D:10)
  2 bullfrog zombies (D:11)
  10 crimson imps
  5 hounds
  A quasit (D:11)
  3 orc priests
  2 jellies (D:11)
  2 bullfrog skeletons
  4 centaur skeletons
  A gnoll shaman (D:7)
  An iguana (D:4)
  Ijyb (D:4)
  Natasha (thrice) (D:3)
  8 orc wizards
  6 worker ants
  2 hound zombies
  3 hound skeletons
  3 gnolls (D:7)
  A howler monkey skeleton (D:4)
  18 adders
  5 shadow imps
  2 adder skeletons
  A worm (D:3)
  2 dart slugs (D:1)
  6 leopard geckos
  62 orcs
  A ball python (D:3)
  4 giant cockroaches
  5 hobgoblins
  18 jackals
  5 kobolds
  4 quokkas
  10 bats
  5 frilled lizards
  5 goblins
  5 rats
341 creatures vanquished.

Notes
Turn   | Place    | Note
-------+----------+-------------------------------------------
     0 | D:1      | Jukra the Minotaur Berserker began the quest for the Orb.
     0 | D:1      | Reached XP level 1. HP: 19/19 MP: 0/0
    29 | D:1      | Reached XP level 2. HP: 20/27 MP: 1/1
   622 | D:2      | Reached ** piety under Trog
   643 | D:2      | Reached XP level 3. HP: 32/33 MP: 2/2
   880 | D:2      | Reached skill level 3 in Armour
  1049 | D:3      | Reached XP level 4. HP: 35/41 MP: 3/3
  1071 | D:3      | Noticed Natasha
  1080 | D:3      | Killed Natasha
  1107 | D:3      | Reached skill level 5 in Axes
  1286 | D:3      | Noticed Natasha
  1298 | D:3      | Killed Natasha
  1298 | D:3      | Reached XP level 5. HP: 41/47 MP: 4/4
  1483 | D:3      | Noticed Natasha
  1497 | D:3      | Killed Natasha
  1497 | D:3      | Reached skill level 5 in Fighting
  1626 | D:3      | Reached *** piety under Trog
  1822 | D:4      | Found a hazy altar of Hepliaklqana.
  1947 | D:4      | Reached XP level 6. HP: 7/56 MP: 5/5
  1955 | D:4      | Reached skill level 4 in Armour
  1956 | D:4      | HP: 2/84 [orc priest/morningstar (6)]
  2436 | D:4      | Noticed Edmund
  2463 | D:4      | Killed Edmund
  2463 | D:4      | Reached XP level 7. HP: 41/61 MP: 6/6
  2654 | D:4      | Noticed Ijyb
  2663 | D:4      | Killed Ijyb
  2663 | D:4      | Reached skill level 5 in Armour
  2724 | D:4      | Got a heavily runed gossamer ring
  2815 | D:4      | Found a blossoming altar of Fedhas.
  2868 | D:5      | Entered Level 5 of the Dungeon
  2875 | D:5      | Reached skill level 1 in Maces & Flails
  2962 | D:5      | Noticed letownia's ghost (amateur OpTm)
  2974 | D:5      | Killed letownia's ghost
  2974 | D:5      | Reached skill level 6 in Armour
  2974 | D:5      | Reached XP level 8. HP: 52/70 MP: 7/7
  2975 | D:5      | Identified the ring "Asusoll" {+Inv rPois MP-9 Str+5 Stlth+} (You found it on level 4 of the Dungeon)
  3023 | D:5      | Found a stormy altar of Qazlal.
  3073 | D:5      | Gained mutation: Scrolls take you a little longer to read. [mutagenic meat]
  3074 | D:5      | Gained mutation: Your system is resistant to poisons. (rPois) [mutagenic meat]
  3075 | D:5      | Lost mutation: Your system is resistant to poisons. (rPois) [mutagenic meat]
  3076 | D:5      | Gained mutation: You tend to lose your temper in combat. [mutagenic meat]
  3077 | D:5      | Gained mutation: Scrolls take you longer to read. [mutagenic meat]
  3078 | D:5      | Lost mutation: You tend to lose your temper in combat. [mutagenic meat]
  3138 | D:5      | Reached skill level 7 in Armour
  3155 | D:5      | Reached **** piety under Trog
  3327 | D:6      | Found a snail-covered altar of Cheibriados.
  3412 | D:6      | Reached skill level 5 in Maces & Flails
  3665 | D:6      | Found a staircase to the Ecumenical Temple.
  3718 | Temple   | Entered the Ecumenical Temple
  3919 | D:6      | Found Bireugy's Jewellery Shop.
  4522 | D:7      | Reached XP level 9. HP: 71/79 MP: 0/8
  4852 | D:8      | Found a flagged portal.
  4882 | Bailey   | Entered a bailey
  4892 | Bailey   | Reached ***** piety under Trog
  5280 | Bailey   | Noticed an orc knight
  5505 | Bailey   | Reached skill level 8 in Armour
  6174 | D:8      | Noticed Grum
  6179 | D:8      | Killed Grum
  6236 | D:8      | Reached skill level 9 in Armour
  6649 | D:9      | Noticed a queen bee
  6657 | D:9      | Killed a queen bee
  6666 | D:9      | Reached XP level 10. HP: 88/88 MP: 0/9
  6687 | D:9      | Reached skill level 10 in Armour
  6698 | D:9      | HP: 4/90 [killer bee (4)]
  7038 | D:9      | Reached skill level 10 in Maces & Flails
  7121 | D:9      | Found a glowing golden altar of the Shining One.
  7121 | D:9      | Found a white marble altar of Elyvilon.
  7122 | D:9      | Found a hide-covered altar of Uskayaw.
  7167 | D:9      | Lost mutation: Scrolls take you longer to read. [potion of mutation]
  7167 | D:9      | Lost mutation: Scrolls take you a little longer to read. [potion of mutation]
  7167 | D:9      | Gained mutation: You are robust. (+10% HP) [potion of mutation]
  7167 | D:9      | Gained mutation: You possess an exceptional clarity of mind. [potion of mutation]
  7167 | D:9      | Gained mutation: You are dopey. (Int -2) [potion of mutation]
  7167 | D:9      | Gained mutation: You have sharp fingernails. [potion of mutation]
  7173 | D:9      | Found a staircase to the Orcish Mines.
  7192 | D:9      | Found Taqanes's Weapon Shoppe.
  7198 | D:9      | Found Kanun's Antique Armour Shoppe.
  7373 | D:9      | Found Mynemnua's Distillery.
  7382 | D:9      | Found Xaschof's Magic Scroll Emporium.
  7398 | D:9      | Found Tanaas's Antique Armour Emporium.
  7594 | D:9      | Bought a shiny plate armour for 520 gold pieces
  7606 | D:9      | Identified a scroll of acquirement
  7659 | D:10     | Entered Level 10 of the Dungeon
  8159 | D:10     | Found a hazy altar of Hepliaklqana.
  8258 | D:10     | Noticed a two-headed ogre
  8266 | D:10     | Killed a two-headed ogre
  8479 | D:10     | Reached skill level 10 in Fighting
  8499 | D:10     | Reached XP level 11. HP: 108/108 MP: 1/10
  8562 | D:10     | Reached skill level 11 in Armour
  8646 | D:10     | Received a gift from Trog
  8654 | D:10     | Got a brightly glowing war axe {god gift}
  8656 | D:10     | Identified the +1 war axe of Vaigupp {freeze, rPois rC- Int+3} (Trog gifted it to you on level 10 of the Dungeon)
  8874 | D:10     | Found Yppu's Jewellery Shop.
  9684 | D:11     | Noticed an oklob plant
  9697 | D:11     | Noticed an oklob plant
  9698 | D:11     | Found a staircase to the Lair.
 10649 | D:11     | Found a shadowy altar of Dithmenos.
 10919 | D:11     | Killed an unseen horror
 11213 | D:11     | Reached skill level 10 in Axes
 11327 | D:11     | Reached skill level 12 in Armour
 11395 | D:11     | Killed an unseen horror
 11411 | D:11     | Received a gift from Trog
 11412 | D:11     | Reached ****** piety under Trog
 11462 | D:11     | Noticed a seven-headed hydra
 11477 | D:11     | HP: 4/112 [11-headed hydra (4)]
 11478 | D:11     | Mangled by an 11-headed hydra

Skill      XL: |  1  2  3  4  5  6  7  8  9 10 11 |
---------------+----------------------------------+-----
Axes           | 4 5 6 7 8 11 | 11.3
Fighting       | 4 5 6 7 8 10 11 | 11.4
Armour         | 3 4 6 7 9 10 12 | 12.1
Dodging        | 3 4 |  4.2
Maces & Flails | 3 6 9 11 | 11.8
Stealth        | |  0.1

Action                   |  1- 3 |  4- 6 |  7- 9 | 10-12 || total
-------------------------+-------+-------+-------+-------++-------
Melee: Hand axe          |    56 |   140 |       |       ||   196
       Headbutt          |     9 |    28 |    68 |   107 ||   212
       Flail             |       |       |   306 |    87 ||   393
       Eveningstar       |       |       |       |    75 ||    75
       War axe           |       |       |       |   254 ||   254
Throw: Tomahawk          |       |       |     4 |       ||     4
Invok: Berserk           |       |     2 |     3 |     1 ||     6
       Burn Spellbooks   |       |     1 |     2 |     1 ||     4
  Use: Scroll            |       |     9 |     4 |    12 ||    25
       Potion            |       |       |    13 |     6 ||    19
  Eat: Meat ration       |       |     1 |       |       ||     1
       Bread ration      |       |     1 |     1 |       ||     2
       Chunk             |       |       |    12 |     5 ||    17
       Royal jelly       |       |       |     4 |       ||     4
       Fruit             |       |       |     3 |    13 ||    16
Armor: Animal skin       |     2 |       |       |       ||     2
       Ring mail         |    21 |    38 |       |       ||    59
       Chain mail        |       |    11 |   257 |    54 ||   322
       Plate armour      |       |       |       |   226 ||   226
Dodge: Dodged            |    46 |    77 |   217 |   216 ||   556
